cohdb
Replays
Latest Replays
All Replays
Popular Replays
Top Player Replays
Match Explorer
How It Works
Community
CoH3 Stats
Reddit
Sign in to upload your games and track your stats! →
Sign in with Steam
Match 42163617
Unlisted
Match 42163617
Overview
Messages
Build Orders
End
Vickers Machine Gun Team
Construct Section Command Post
Dingo Light Scout Car
Infantry Section
Infantry Section
Infantry Section
Construct Platoon Command Post
6-pounder Anti-tank Gun Team
Infantry Training
Construct Company Command Post
Crusader II Medium Tank
Crusader II Medium Tank
Grenade Package
Crusader II Medium Tank
Selects Indian Artillery Battlegroup
Selects War Cry
Selects Gurkha Rifles Section
Selects Pillage
Selects Artillery Saturation
Selects Off-map Airburst Barrage
Selects BL5.5 Artillery Emplacement
Off-map Airburst Barrage
Crusader II Medium Tank
Armored Vehicle Training
Off-map Airburst Barrage
Crusader II Medium Tank
Off-map Airburst Barrage
Crusader II Medium Tank
Off-map Airburst Barrage
STALKER4732
SoyaLors
ezh
kit.ohume
alphaelf
UA -=Vov@N=-
yaandreyzz
jack.lee
0
0
Comments
sign in to comment!
No comments posted yet!